 Dungeon Crawl Stone Soup version 0.32-a0-913-g739538afd8 (webtiles) character file.

Game seed: 4626872341926990931

1606411 adelrune the Skinwalker (level 27, 284/284 HPs)
             Began as a Merfolk Shapeshifter on Apr 6, 2024.
             Was the Champion of Cheibriados.
             Escaped with the Orb
             ... and 3 runes on Apr 7, 2024!
             The game lasted 05:58:00 (77138 turns).

adelrune the Skinwalker (Merfolk Shapeshifter)     Turns: 77138, Time: 05:58:00

Health: 284/284    AC: 42    Str: 32    XL:     27
Magic:  38/38      EV: 41    Int: 42    God:    Cheibriados [******]
Gold:   3444       SH: 20    Dex: 37    Spells: 5/48 levels left

rFire   + +          +
                       - Unarmed
rCold   + + .        t - +3 kite shield {reflect}
rNeg    + + +        C - melded +5 robe of Night {Dark Will+ SInv}
rPois   ∞            v - +1 helmet "Naalo" {rF+ rN+ Str+4}
rElec   +            u - +2 cloak of the Onion {rPois Int+2 Stlth+}
rCorr   .            y - melded +1 pair of gloves
SInv    .            B - melded +0 pair of boots
Will    ++++.        Y - amulet "Yxurriq" {+Inv rF+++ Regen+ Int+3 Dex-4}
Stlth   +++          r - ring "Ufracw" {rC++ Int+6}
HPRegen 1.47/turn    P - ring of Asam {+Blink rN+ Will++ Str-2 Dex+6}
MPRegen 0.26/turn

%: reflection
@: statue-form, studying Air Magic, very slow
A: slow and powerful, torment resistance 1, boosted hp, (nimble swimmer 2),
mertail, deformed body, screaming 1, subdued magic 1, MP-powered wands
0: Orb of Zot
}: 3/15 runes: decaying, silver, gossamer
a: Begin Untransformation, Renounce Religion, Evoke Blink, Evoke Invisibility,
Bend Time, Temporal Distortion, Slouch, Step From Time


You escaped.
You worshipped Cheibriados.
Cheibriados was exalted by your worship.
You were a living statue of rough stone.
You visited 10 branches of the dungeon, and saw 50 of its levels.
You also visited: Ice Cave.

You collected 9101 gold pieces.
You spent 5657 gold pieces at shops.

Inventory:

Missiles
 m - 25 curare-tipped darts (quivered)
 F - 7 throwing nets
Armour
 t - a +3 kite shield of reflection (worn)
 u - the +2 cloak of the Onion (worn) {rPois Int+2 Stlth+}
   (You acquired it on level 4 of the Lair of Beasts)

   Int+2:     It affects your intelligence (+2).
   rPois:     It protects you from poison.
   Stlth+:    It makes you more stealthy.
 v - the +1 helmet "Naalo" (worn) {rF+ rN+ Str+4}
   (You acquired it on level 2 of the Crypt)

   Str+4:     It affects your strength (+4).
   rF+:       It protects you from fire.
   rN+:       It protects you from negative energy.
 y - a +1 pair of gloves (melded)
 B - a +0 pair of boots (melded)
 C - the +5 robe of Night (melded) {Dark Will+ SInv}
   (You found it on level 8 of the Dungeon)

   Dark:      It shrouds the wearer in darkness, reducing the range at which
   they can see and be seen by others.
   Will+:     It increases your willpower.
   SInv:      It lets you see invisible.
Jewellery
 e - the ring of the Mage {Wiz Archmagi}
   (You acquired it on level 2 of the Orcish Mines)

   [ring of wizardry]

   Wiz:       It improves your spell success rate.
   Archmagi:  It increases the power of your magical spells.
 r - the ring "Ufracw" (left fist) {rC++ Int+6}
   (You found it on level 3 of the Vaults)

   [ring of intelligence]

   Int+6:     It affects your intelligence (+6).
   rC++:      It greatly protects you from cold.
 L - the ring of Autumn {rElec rPois rF+ SInv Stlth+}
   (You took it off a deep elf zephyrmancer on level 3 of the Elven Halls)

   [ring of protection from fire]

   rF+:       It protects you from fire.
   rElec:     It insulates you from electricity.
   rPois:     It protects you from poison.
   SInv:      It lets you see invisible.
   Stlth+:    It makes you more stealthy.
 N - the ring of Cemo {rC+ rN+ Int+3}
   (You took it off a deep elf pyromancer on level 3 of the Elven Halls)

   [ring of positive energy]

   Int+3:     It affects your intelligence (+3).
   rC+:       It protects you from cold.
   rN+:       It protects you from negative energy.
 P - the ring of Asam (right fist) {+Blink rN+ Will++ Str-2 Dex+6}
   (You took it off a deep elf elementalist on level 3 of the Elven Halls)

   [ring of dexterity]

   Str-2:     It affects your strength (-2).
   Dex+6:     It affects your dexterity (+6).
   rN+:       It protects you from negative energy.
   Will++:    It greatly increases your willpower.
   +Blink:    It lets you blink.
 X - a ring of resist corrosion
 Y - the amulet "Yxurriq" (around neck) {+Inv rF+++ Regen+ Int+3 Dex-4}
   (You found it on level 5 of the Lair of Beasts)

   [amulet of regeneration]

   Int+3:     It affects your intelligence (+3).
   Dex-4:     It affects your dexterity (-4).
   rF+++:     It renders you almost immune to fire.
   +Inv:      It lets you turn invisible.
   Regen+:    It increases your rate of health regeneration.
Talismans
 a - a granite talisman (active)
 l - a talisman of death
Wands
 d - a wand of quicksilver (48)
 k - a wand of roots (23)
 s - a wand of charming (94)
 D - a wand of mindburst (14)
 O - a wand of polymorph (30)
 V - a wand of digging (29)
Scrolls
 f - 10 scrolls of fear
 g - a scroll of blinking
 h - 14 scrolls of teleportation
 i - 6 scrolls of silence
 j - 10 scrolls of noise
 n - 2 scrolls of vulnerability
 o - 5 scrolls of amnesia
 A - 12 scrolls of fog
 R - 6 scrolls of poison
 T - 4 scrolls of torment
Potions
 b - 8 potions of lignification
 c - 4 potions of magic
 q - 9 potions of attraction
 z - 8 potions of mutation
 G - 6 potions of resistance
 H - 14 potions of brilliance
 I - 20 potions of curing
 J - a potion of cancellation
 K - 9 potions of ambrosia
 M - 3 potions of heal wounds
 Q - 8 potions of enlightenment
 S - 4 potions of berserk rage
 W - 7 potions of might
 Z - 4 potions of invisibility
Miscellaneous
 p - a lightning rod (4/4)
 w - a box of beasts
 x - a phantom mirror
 E - a Gell's gravitambourine (2/2)
 U - a condenser vane


   Skills:
 + Level 18.5 Fighting
 - Level 2.0 Armour
 + Level 21.2 Dodging
 - Level 12.4 Stealth
 + Level 13.8 Shields
 * Level 23.0 Unarmed Combat
 - Level 11.0 Spellcasting
 - Level 18.2 Summonings
 - Level 6.9 Translocations
 - Level 5.0 Ice Magic
 + Level 17.9 Invocations
 - Level 7.1 Evocations
 + Level 24.4 Shapeshifting


You had 5 spell levels left.
You knew the following spells:

 Your Spells              Type           Power      Damage    Failure   Level
a - Summon Forest         Summ/Tloc      39%        N/A       1%          5
b - Summon Cactus Giant   Summ           47%        N/A       1%          6
c - Summon Mana Viper     Hex/Summ       67%        N/A       1%          5
d - Summon Hydra          Summ           47%        N/A       1%          7
e - Blink                 Tloc           100%       N/A       1%          2
f - Passwall              Erth           17%        N/A       4%          3
g - Martyr's Knell        Necr/Summ      67%        N/A       1%          4
h - Apportation           Tloc           100%       N/A       1%          1
i - Lesser Beckoning      Tloc           100%       N/A       1%          2
o - Summon Horrible Thin  Summ           47%        N/A       5%          8

Your spell library contained the following spells:

 Spells                   Type           Power      Damage    Failure   Level
 Summon Small Mammal      Summ           100%       N/A       0%          1
 Call Imp                 Summ           100%       N/A       0%          2
 Foxfire                  Conj/Fire      68%        2x1d7     1%          1
 Kiss of Death            Conj/Necr      68%        2d10      1%          1
 Magic Dart               Conj           68%        1d6       1%          1
 Necrotise                Necr           68%        1d7       1%          1
 Shock                    Conj/Air       68%        1d7       1%          1
 Sting                    Conj/Alch      68%        1d7       1%          1
 Cigotuvi's Dreadful Rot  Necr/Alch/Air  34%        N/A       1%          2
 Ensorcelled Hibernation  Hex/Ice        66%        N/A       1%          2
 Jinxbite                 Hex            34%        N/A       1%          2
 Mercury Vapours          Alch/Air       34%        N/A       1%          2
 Momentum Strike          Conj/Tloc      80%        3d10      1%          2
 Scorch                   Fire           34%        2d6       1%          2
 Searing Ray              Conj           34%        2d5       1%          2
 Frozen Ramparts          Ice            100%       1d16      1%          3
 Hailstorm                Conj/Ice       33%        3d8       1%          3
 Maxwell's Portable Pile  Tloc           58%        2d(11-31) 1%          3
 Ozocubu's Armour         Ice            50%        N/A       1%          3
 Summon Ice Beast         Ice/Summ       75%        N/A       1%          3
 Teleport Other           Tloc           58%        N/A       1%          3
 Volatile Blastmotes      Fire/Tloc      80%        2d16      1%          3
 Summon Blazeheart Golem  Fire/Summ      67%        N/A       1%          4
 Dimensional Bullseye     Hex/Tloc       20%        N/A       3%          4
 Iskenderun's Mystic Bla Conj/Tloc 40%            2d9        (+2d5     3%          4
 Dazzling Flash           Conj/Hex       34%        N/A       4%          3
 Fugue of the Fallen      Necr           17%        N/A       4%          3
 Inner Flame              Hex/Fire       17%        N/A       4%          3
 Mephitic Cloud           Conj/Alch/Air  17%        N/A       4%          3
 Sigil of Binding         Hex            17%        N/A       4%          3
 Stone Arrow              Conj/Erth      34%        3d9       4%          3
 Swiftness                Air            17%        N/A       4%          3
 Tukima's Dance           Hex            17%        N/A       4%          3
 Vampiric Draining        Necr           17%        2d7       4%          3
 Airstrike                Air            8%         2d(2-18)  16%         4
 Brom's Barrelling Bould  Conj/Erth      17%        2d4       16%         4
 Dispel Undead            Necr           17%        3d10      16%         4
 Flame Wave               Conj/Fire      17%        2d7       16%         4
 Fulminant Prism          Conj/Alch      8%         3d6       16%         4
 Leda's Liquefaction      Alch/Erth      8%         N/A       16%         4
 Olgreb's Toxic Radiance  Alch           17%        N/A       16%         4
 Petrify                  Alch/Erth      17%        N/A       16%         4
 Sticky Flame             Fire/Alch      17%        2d5       16%         4
 Metabolic Englaciation   Hex/Ice        16%        N/A       16%         5
 Freezing Cloud           Conj/Ice/Air   14%        6-21      22%         5
 Arcjolt                  Conj/Air       8%         1d18      41%         5
 Curse of Agony           Necr           17%        N/A       41%         5
 Fireball                 Conj/Fire      8%         3d6       41%         5
 Irradiate                Conj/Alch      8%         3d14      41%         5
 Iskenderun's Battlesphe  Conj           17%        2d7       41%         5
 Silence                  Hex/Air        8%         N/A       41%         5
 Yara's Violent Unravell  Hex/Alch       8%         3d5       41%         5
 Malign Gateway           Summ/Tloc      39%        N/A       7%          7
 Dispersal                Tloc           29%        N/A       14%         6
 Gell's Gavotte           Tloc           29%        2d(24-36) 14%         6
 Permafrost Eruption      Ice/Erth       16%        2x4d5     67%         6
 Sculpt Simulacrum        Ice/Alch       16%        N/A       67%         6
 Ozocubu's Refrigeration  Ice            25%        4d13      88%         7
 Bombard                  Conj/Erth      8%         9d2       95%         6
 Conjure Ball Lightning   Conj/Air       8%         3x3d6     95%         6
 Death Channel            Necr           8%         N/A       95%         6
 Eringya's Noxious Bog    Alch           8%         4d6       95%         6
 Plasma Beam              Fire/Air       8%         2x1d19    95%         6
 Starburst                Conj/Fire      8%         6d4       95%         6
 Enfeeble                 Hex            8%         N/A       100%        7
 Orb of Destruction       Conj           8%         9d6       100%        7
 Discord                  Hex            8%         N/A       100%        8
 Disjunction              Tloc           29%        N/A       100%        8
 Infestation              Necr           8%         N/A       100%        8
 Maxwell's Capacitive Co  Air            8%         ∞         100%        8
 Chain Lightning          Conj/Air       8%         3d11      100%        9
 Death's Door             Necr           8%         N/A       100%        9
 Fire Storm               Conj/Fire      8%         8d2       100%        9
 Shatter                  Erth           8%         3d10*     100%        9
 Sublimation of Blood     Necr           Unusable   N/A       N/A         2

Dungeon Overview and Level Annotations

Branches:
Dungeon (15/15)            Temple (0/1) D:5            Lair (5/5) D:8
  Swamp (4/4) Lair:2       Spider (4/4) Lair:3        Slime (0/5) Lair:5
    Orc (2/2) D:11            Elf (3/3) Orc:2        Vaults (5/5) D:13
  Crypt (3/3) Vaults:3       Tomb (0/3) Crypt:3      Depths (4/4) D:15
    Zot (5/5) Depths:4      IceCv (visited)

Altars:
Cheibriados
Elyvilon
Gozag
Makhleb
Qazlal
Ru
Sif Muna
Vehumet
Xom
Yredelemnul
Zin
The Shining One
Beogh
Jiyva

Shops:
D:1 (   D:6 :   Orc:1 [   Orc:2 !=?[   Elf:1 !   Elf:3 (   Depths:2 =:=
Depths:4 *?:[

Portals:
Hell: Depths:1 Depths:2 Depths:3 Depths:4
Abyss: Depths:1 Depths:3
Pandemonium: Depths:1 Depths:2 Depths:4
Ziggurat: Depths:3

Annotations:
D:9 exclusion: ice statue
D:15 1 runed translucent door, Ytwo Fev's ghost, adept HuIE
Spider:2 2 transporters, Ushroca's ghost, adept DrIE
Vaults:1 Boris
Depths:3 9 runed translucent doors, Wyithres's ghost, adept MiFi


Innate Abilities, Weirdness & Mutations

You are a living statue of rough stone.
Your actions are slow, but your melee attacks are powerful.
You are resistant to unholy torment.
Your maximum health is greatly increased.
Your equipment is partially melded.
You are immune to poison.
((You are very nimble when in or above water. (Stealth+, EV+, Speed+++)))
Your lower body shifts to a powerful aquatic tail in water.
Armour fits poorly on your strangely shaped body.
You occasionally shout uncontrollably at your foes.
Your spells are a little easier to cast, but a little less powerful.
You expend magic power (3 MP) to strengthen your wands.


Message History

You barely miss the efreet. You pummel the efreet!!
The efreet decays.
The efreet is almost dead.
The efreet hits you but does no damage.
You pound the efreet into fine dust!!!
You kill the efreet!
Cheibriados appreciates the change of pace.
No target in view!
No target in view!
What level of the Dungeon? (default 1, ? - help)
There is a stone staircase leading up here.
You climb upwards.
There is a stone staircase leading down here.
There is a stone staircase leading up here.
You climb upwards.
There is a stone staircase leading down here.
Items here: ( )) ÷.
A rust devil comes into view.
The rust devil screeches!
You block the rust devil's attack.
You hit the rust devil.
The rust devil decays.
The rust devil is lightly wounded.
You pummel the rust devil like a punching bag!!!
You kill the rust devil!
Cheibriados appreciates the change of pace.
No target in view!
No target in view!
What level of the Dungeon? (default 1, ? - help)
There is an escape hatch in the floor here.
There is a staircase leading out of the dungeon here.
You begin transforming.
You continue transforming. x3
You feel yourself come back to life.
You turn into a living statue of rough stone.
Your +1 pair of gloves melds into your body.
Your +0 pair of boots melds into your body.
The +5 robe of Night {Dark Will+ SInv} melds into your body.
The light returns to your surroundings.
You start resting.
HP restored.
You have escaped!

###
#I#
#>#
#.###
#...#
###.##
#..#
##.##
#..##
##..#


There were no monsters in sight!

Vanquished Creatures
  3 dread liches
  5 orbs of fire (Zot:5)
  7 ancient liches
  Mennas (Vaults:5)
  Vv (Crypt:1)
  4 Killer Klowns
  4 caustic shrikes (Depths:4)
  A curse toe (Zot:4)
  6 golden dragons
  Jory (Vaults:5)
  Norris (Elf:2)
  2 bone dragons (Crypt:3)
  A Tzitzimitl (Zot:2)
  A doom hound (Crypt:2)
  2 Brimstone Fiends
  Rupert (D:13)
  4 electric golems
  A lich (Vaults:5)
  2 pandemonium lords
  2 Ice Fiends
  10 tentacled monstrosities
  Mlioglotl (Spider:1)
  A titan (Vaults:4)
  A walking divine tome (Depths:4)
  21 Orb Guardians
  4 sphinxes
  3 quicksilver dragons
  A deep elf blademaster (Elf:3)
  2 ancient champions (Crypt:3)
  3 death cobs
  7 shadow dragons
  A tengu reaver (Vaults:5)
  14 storm dragons
  Donald (Swamp:3)
  Aizul (Swamp:3)
  A revenant (Crypt:2)
  4 draconian monks
  3 frost giants
  A deep elf sorcerer (Elf:1)
  4 fire giants
  An iron dragon (Vaults:5)
  A draconian knight (Zot:2)
  An emperor scorpion (Spider:4)
  2 ghost moths
  A caustic shrike zombie (Crypt:3)
  A draconian shifter (Zot:2)
  2 deep elf elementalists (Elf:3)
  8 vault wardens
  A balrug (Zot:2)
  2 draconian scorchers
  5 ghouls
  2 angels (Zot:4)
  A draconian stormcaller (Zot:2)
  3 broodmothers
  4 ironbound preservers
  6 stone giants
  A juggernaut skeleton (Crypt:1)
  A quicksilver ooze (IceCv)
  8 very ugly things
  A demonspawn blood saint (D:12)
  7 green draconians
  A draconian annihilator (Zot:2)
  4 black draconians
  2 deep elf demonologists
  A demonspawn black sun (D:12)
  A purple draconian (Zot:5)
  A lorocyproca (D:13)
  A deep elf annihilator (Elf:2)
  3 vampire knights
  5 eleionomae
  A war gargoyle (Vaults:3)
  4 dire elephants
  4 white draconians
  2 yellow draconians (Zot:2)
  2 deep elf death magi
  4 red draconians
  7 spark wasps
  2 bunyips
  2 eidola (Crypt:3)
  Josephine (D:13)
  2 shambling mangroves (Swamp:4)
  5 entropy weavers
  A green death (Depths:4)
  4 jiangshi
  4 ettins
  2 deep elf high priests
  7 yaktaur captains
  A crystal guardian (Vaults:4)
  6 fire dragons
  A spriggan air mage (Depths:4)
  A catoblepas (D:15)
  5 ice dragons
  2 great orbs of eyes (Vaults:3)
  Erolcha (D:10)
  16 hydras
  36 vault guards
  2 spriggan skeletons
  3 centaur warriors
  8 alligators
  3 ghost crabs
  10 death yaks (Lair:4)
  A tengu warrior (D:15)
  An ironbound frostheart (Vaults:1)
  4 deep troll shamans
  3 two-headed ogres
  7 boulder beetles
  5 dancing weapons
  2 sphinx skeletons
  2 vampire magi
  Urug (Lair:5)
  2 deep troll earth magi
  A spriggan berserker (Depths:4)
  7 demonic crawlers
  6 orc high priests (Orc:2)
  An occultist (Depths:3)
  Sonja (Lair:5)
  2 deep elf knights
  A soul eater (D:12)
  Nergalle (Lair:3)
  2 goliath frogs
  A hell knight (Depths:3)
  7 iron trolls
  12 skeletal warriors
  10 sun demons
  A shadow wraith (Vaults:5)
  Lodul (D:11)
  A sixfirhy (Depths:4)
  5 pharaoh ants
  2 skysharks
  22 deep trolls
  2 spriggan druids
  3 glowing orange brains
  A golden dragon zombie (Depths:3)
  10 bog bodies
  2 flayed ghosts
  A sun moth (Spider:4)
  A mana viper (shapeshifter) (Vaults:5)
  6 phantasmal warriors
  A shadow demon (Depths:4)
  2 arcanists (D:13)
  2 orc knights
  4 lindwurms
  A glowing orange brain (shapeshifter) (Vaults:4)
  11 swamp dragons
  Pikel (D:8)
  4 ironbound convokers
  An orange crystal statue (IceCv)
  A deep elf zephyrmancer (Elf:2)
  4 necromancers
  3 steelbarb worms
  2 obsidian bats (Orc:2)
  A stone giant zombie (Crypt:3)
  5 orc sorcerers (Orc:2)
  5 deep elf pyromancers
  20 ugly things
  2 manticores (D:15)
  11 wolf spiders
  3 will-o-the-wisps
  5 cyclopes
  A salamander (Depths:1)
  3 meliai
  2 human skeletons (Vaults:2)
  6 vault sentinels
  26 slime creatures
  Joseph (D:7)
  11 moths of wrath
  4 kobold blastminers
  2 rust devils
  A meliai (shapeshifter) (D:13)
  4 black mambas
  A storm dragon simulacrum (Crypt:3)
  3 eyes of devastation (Depths:1)
  A gargoyle (D:13)
  A black draconian zombie (Crypt:3)
  5 rime drakes
  A smoke demon (D:14)
  5 cane toads
  3 efreet
  A cane toad (shapeshifter) (D:15)
  3 torpor snails
  3 unseen horrors (D:13)
  5 komodo dragons
  2 tormentors
  11 yaktaurs
  An iron troll zombie (Crypt:1)
  A freezing wraith (D:15)
  An ice devil (D:12)
  A kobold demonologist (D:13)
  A guardian mummy (Crypt:3)
  3 tengu conjurers
  7 trolls
  11 polar bears
  8 jumping spiders
  6 tyrant leeches
  12 tarantellas
  18 hornets
  A glass eye (Depths:3)
  A jumping spider zombie (Crypt:1)
  A tengu simulacrum (Vaults:2)
  13 blink frogs
  12 dream sheep
  A meliai zombie (Crypt:3)
  A stone giant simulacrum (Vaults:2)
  Sigmund (D:6)
  8 culicivoras
  24 spriggans
  An air elemental (Elf:1)
  2 shadows (D:8)
  A guardian serpent skeleton (Crypt:2)
  7 wraiths
  An ettin skeleton (Vaults:2)
  A human (shapeshifter) (D:14)
  2 water elementals
  A wyvern (Lair:3)
  5 basilisks
  51 yaks
  18 humans (D:13)
  5 steam dragons (Lair:5)
  3 fire elementals
  20 redbacks
  10 wargs
  4 vampire mosquitoes
  11 swamp worms
  3 acid dragons
  20 water moccasins
  3 great orb of eyes simulacra (IceCv)
  8 swamp drakes
  5 black bears
  20 orc warriors
  A sky beast (D:7)
  3 ice beasts
  7 laughing skulls
  13 ogres
  7 boggarts
  41 wolves
  5 centaurs
  2 phantoms
  5 slime creature simulacra (IceCv)
  5 nameless horrors
  4 kobold brigands
  3 scorpions
  9 bullfrogs
  2 glowing shapeshifter simulacra (IceCv)
  8 wights
  13 killer bees
  2 spriggan zombies
  2 howler monkeys (D:8)
  An electric eel (Lair:2)
  A lava snake (D:14)
  A jelly (shapeshifter) (D:15)
  4 bombardier beetles
  3 hounds
  3 jellies
  35 orc priests
  A human zombie (D:7)
  8 iguanas
  29 orc wizards
  A statue (D:5)
  6 gnolls
  4 adders
  3 white imps
  A lava snake skeleton (Crypt:2)
  A dart slug (D:4)
  2 ribbon worms (D:2)
  119 orcs
  8 ball pythons
  5 endoplasms (D:1)
  6 giant cockroaches
  10 hobgoblins
  10 jackals
  4 quokkas
  A river rat zombie (Crypt:2)
  8 bats
  A bombardier beetle zombie (Crypt:1)
  4 frilled lizards
  5 goblins
  A hobgoblin skeleton (Crypt:1)
  25 kobolds
  6 rats
1478 creatures vanquished.

Vanquished Creatures (collateral kills)
  2 dread liches (Crypt:3)
  2 ancient liches (Crypt:3)
  3 Killer Klowns
  Saint Roka (Depths:2)
  5 golden dragons
  Nikola (Elf:2)
  Arachne (Spider:3)
  A doom hound (Crypt:2)
  10 tentacled monstrosities
  The ghost of Foxy the Fetichist, an adept CoBe of Trog (Vaults:1)
  7 Orb Guardians (Zot:5)
  A deep elf blademaster (Elf:3)
  Grunn (Crypt:2)
  4 quicksilver dragons
  2 titans
  3 sphinxes
  Kirke (Elf:1)
  2 ancient champions
  3 death cobs
  3 tengu reavers
  3 shadow dragons (Vaults:5)
  2 revenants
  3 storm dragons
  A draconian shifter (Depths:4)
  2 frost giants (Depths:1)
  A protean progenitor (Zot:4)
  2 draconian scorchers
  3 fire giants
  3 draconian knights
  11 deep elf sorcerers
  5 deep elf elementalists (Elf:3)
  A curse skull (Crypt:2)
  A ghost moth (Spider:3)
  9 vault wardens
  An orc warlord (Vaults:4)
  3 emperor scorpions
  A reaper (Crypt:3)
  A caustic shrike zombie (Depths:3)
  2 angels (Zot:4)
  3 ghouls (Crypt:2)
  A draconian stormcaller (Zot:4)
  11 ironbound preservers
  A broodmother (Spider:4)
  5 very ugly things
  11 stone giants
  3 ironbound thunderhulks
  5 green draconians
  2 formless jellyfish (Vaults:4)
  5 deep elf demonologists
  4 vampire knights
  6 deep elf annihilators (Elf:3)
  8 deep elf death magi
  3 red draconians
  A war gargoyle (Vaults:4)
  3 black draconians
  2 white draconians
  Azrael (Elf:2)
  5 spark wasps
  14 dire elephants
  3 purple draconians
  7 yellow draconians
  2 eidola
  6 jiangshi
  A mummy priest (Crypt:3)
  A merfolk impaler (Depths:3)
  6 ettins
  7 deep elf high priests (Elf:3)
  2 fenstrider witch zombies (Crypt:2)
  7 yaktaur captains
  4 great orbs of eyes
  A hydra (Swamp:4)
  3 vault guards
  An ogre mage (Vaults:4)
  3 boulder beetles
  5 entropy weavers
  A radroach (Spider:4)
  3 rakshasas
  3 ironbound frosthearts
  2 peacekeepers
  A spriggan skeleton (Depths:3)
  20 dancing weapons
  An azure jelly zombie (Crypt:3)
  7 deep troll earth magi
  A tengu warrior (Depths:1)
  6 vampire magi
  6 deep troll shamans
  6 demonic crawlers
  An occultist (Depths:2)
  5 hell knights
  14 deep elf knights
  4 sun demons (Depths:1)
  24 skeletal warriors
  A titan skeleton (Crypt:2)
  A skyshark (Elf:2)
  8 pharaoh ants
  4 deep elf archers
  4 iron trolls
  An anaconda zombie (Crypt:1)
  A shadow wraith (Crypt:3)
  11 orb spiders
  An obsidian statue (Vaults:2)
  A mana viper (shapeshifter) (Elf:2)
  A shadow dragon zombie (Crypt:2)
  4 arcanists
  4 glowing orange brains
  38 deep trolls
  7 steelbarb worms
  2 bog bodies (Crypt:2)
  A sun moth (shapeshifter) (Vaults:5)
  3 phantasmal warriors
  8 ironbound convokers
  9 necromancers
  A bunyip skeleton (Crypt:3)
  A sun moth (Spider:1)
  26 deep elf pyromancers
  13 ugly things
  2 thermic dynamos (Elf:2)
  A golden dragon skeleton (Depths:3)
  2 lindwurms (Vaults:2)
  30 deep elf zephyrmancers
  7 orc knights
  2 orc sorcerers (Depths:2)
  12 wolf spiders
  A shining eye (shapeshifter) (Vaults:4)
  A tengu skeleton (Vaults:3)
  8 moths of wrath
  A jorogumo skeleton (Crypt:2)
  4 meliai
  19 vault sentinels
  An eye of devastation (Depths:1)
  A fire giant skeleton (Vaults:3)
  5 torpor snails
  A centaur skeleton (Crypt:2)
  An orc skeleton (Crypt:3)
  A dire elephant skeleton (Crypt:3)
  2 freezing wraiths
  8 yaktaurs
  2 human skeletons (Vaults:3)
  2 guardian mummies (Crypt:3)
  A harpy skeleton (Crypt:1)
  17 tarantellas
  A culicivora zombie (Crypt:1)
  12 jumping spiders
  9 slime creatures
  24 culicivoras
  2 ettin skeletons
  5 wraiths
  5 water elementals
  3 fire elementals
  4 hogs (Elf:1)
  4 air elementals
  2 chaos spawn (Zot:4)
  A black mamba skeleton (Crypt:3)
  42 redbacks
  A vampire mosquito (Swamp:2)
  A glowing shapeshifter zombie (Depths:3)
  A harpy simulacrum (Crypt:2)
  A human zombie (Depths:3)
  2 swamp worms
  5 hell hounds
  A swamp drake (Swamp:4)
  5 laughing skulls (Crypt:3)
  A boggart (Vaults:1)
  2 hog zombies (Crypt:3)
  A cyclops zombie (Crypt:3)
  A komodo dragon skeleton (Crypt:1)
  3 earth elementals
  A naga simulacrum (Crypt:2)
  A cyclops skeleton (Crypt:1)
  3 nameless horrors
  2 orc priests (Depths:2)
  An acid dragon zombie (Crypt:2)
  6 mummies (Crypt:3)
  A frilled lizard zombie (Crypt:2)
804 creatures vanquished.

Vanquished Creatures (others)
  A Killer Klown (Zot:2)
  An ironbound preserver (Vaults:3)
  A deep elf annihilator (Vaults:4)
  A fire dragon (Depths:3)
  A dancing weapon (Elf:2)
  A deep elf archer (Elf:1)
  An ironbound convoker (Vaults:3)
  A lindwurm (Swamp:4)
  2 deep elf zephyrmancers (Elf:1)
  A shining eye (shapeshifter) (Vaults:5)
  A troll (D:8)
  A bloated husk (Swamp:2)
  2 water elementals (Elf:3)
  2 humans (Elf:1)
  An orc warrior (D:15)
  An orc wizard (Orc:2)
  16 foxfires
  63 snaplasher vines
  2 starspawn tentacles (Spider:1)
100 creatures vanquished.

Grand Total: 2382 creatures vanquished

Notes
Turn   | Place    | Note
-------+----------+-------------------------------------------
     0 | D:1      | adelrune the Merfolk Shapeshifter began the quest for the
                  | Orb.
     0 | D:1      | Reached XP level 1. HP: 15/15 MP: 1/1
    79 | D:1      | Reached XP level 2. HP: 10/21 MP: 2/2
   290 | D:1      | Found Kasiv's Antique Weapon Emporium.
   321 | D:1      | Reached XP level 3. HP: 26/26 MP: 3/3
   955 | D:1      | Bought a glowing sling for 99 gold pieces
  1013 | D:2      | Reached XP level 4. HP: 33/33 MP: 4/4
  1589 | D:3      | Found a snail-covered altar of Cheibriados.
  1636 | D:3      | Became a worshipper of Cheibriados the Contemplative
  1756 | D:3      | Reached XP level 5. HP: 37/38 MP: 5/5
  1885 | D:3      | Found a faded altar of an unknown god.
  2332 | D:3      | Identified the +6 plate armour of the Miller {rN+ Stlth+}
  2490 | D:4      | Found a shimmering altar of Xom.
  2543 | D:4      | Reached * piety under Cheibriados
  2703 | D:4      | Reached skill level 1 in Shields
  2740 | D:4      | Reached skill level 5 in Unarmed Combat
  2740 | D:4      | Reached skill level 1 in Invocations
  2740 | D:4      | Reached XP level 6. HP: 44/46 MP: 6/6
  2752 | D:4      | Reached skill level 5 in Shapeshifting
  2862 | D:4      | Reached ** piety under Cheibriados
  3015 | D:4      | Found a shimmering blue altar of Sif Muna.
  3214 | D:5      | Entered Level 5 of the Dungeon
  3268 | D:5      | You fall into a shaft and drop 1 floor!
  3340 | D:6      | HP: 2/47 [burnt (4)]
  3341 | D:6      | Reached XP level 7. HP: 4/52 MP: 8/8
  3399 | D:6      | Found Dimasesh's Book Shoppe.
  3538 | D:5      | Found a staircase to the Ecumenical Temple.
  3835 | D:5      | Found a radiant altar of Vehumet.
  3889 | D:5      | Reached skill level 5 in Dodging
  3975 | D:5      | Found a burning altar of Makhleb.
  4052 | D:5      | Reached XP level 8. HP: 60/60 MP: 9/9
  4323 | D:5      | Reached skill level 6 in Shapeshifting
  4566 | D:6      | Noticed Sigmund
  4624 | D:6      | Killed Sigmund
  4624 | D:6      | Reached *** piety under Cheibriados
  4626 | D:6      | Identified the +8 falchion of the Skies Above {flame,
                  | Str+4}
  5112 | D:7      | Reached XP level 9. HP: 66/66 MP: 11/11
  5276 | D:7      | Noticed Joseph
  5297 | D:7      | Killed Joseph
  5298 | D:7      | Reached skill level 5 in Fighting
  5365 | D:7      | Reached skill level 7 in Shapeshifting
  5490 | D:7      | Reached **** piety under Cheibriados
  6096 | D:8      | Identified the +8 quarterstaff of Reason {speed, Dex+2}
  6114 | D:8      | Noticed a two-headed ogre
  6144 | D:8      | Noticed a troll
  6161 | D:8      | Killed a two-headed ogre
  6162 | D:8      | Reached skill level 5 in Invocations
  6162 | D:8      | Reached XP level 10. HP: 74/76 MP: 13/13
  6458 | D:8      | Reached skill level 5 in Shields
  6608 | D:8      | Reached skill level 8 in Shapeshifting
  6642 | D:8      | Noticed Pikel
  6663 | D:8      | Killed Pikel
  6913 | D:8      | Found a staircase to the Lair.
  6966 | D:8      | Reached skill level 10 in Unarmed Combat
  6971 | D:8      | Reached ***** piety under Cheibriados
  6986 | D:8      | Reached XP level 11. HP: 78/84 MP: 15/15
  6997 | D:8      | Found the +5 robe of Night {Dark Will+ SInv}
  7278 | D:9      | Identified the blade talisman of the Villain {Int+5}
  7840 | D:9      | Noticed a seven-headed hydra
  7848 | D:9      | Killed a seven-headed hydra
  7969 | D:9      | Reached skill level 9 in Shapeshifting
  8459 | D:10     | Entered Level 10 of the Dungeon
  8472 | D:10     | Noticed Erolcha
  8486 | D:10     | Killed Erolcha
  8549 | D:10     | Found a sacrificial altar of Ru.
  8595 | D:10     | Found the +7 Throatcutter {drain, coup de grace}
  8710 | D:10     | Found a basalt altar of Yredelemnul.
  8721 | D:10     | Found a glowing golden altar of the Shining One.
  8723 | D:10     | Noticed an angel
  9042 | D:10     | Found a glowing silver altar of Zin.
  9042 | D:10     | Found a stormy altar of Qazlal.
  9042 | D:10     | Found an opulent altar of Gozag.
  9268 | Lair:1   | Entered Level 1 of the Lair of Beasts
  9618 | Lair:1   | Reached skill level 10 in Dodging
  9871 | Lair:1   | Reached XP level 12. HP: 92/92 MP: 17/17
  9915 | Lair:1   | Reached skill level 1 in Evocations
 10248 | Lair:2   | Found a staircase to the Swamp.
 10362 | Lair:2   | Identified the +8 flail of Kyxuluxa {freeze, rC+}
 10430 | Lair:2   | Learned a level 1 spell: Summon Small Mammal
 10462 | Lair:2   | Reached skill level 1 in Summonings
 11032 | Lair:3   | Reached ****** piety under Cheibriados
 11049 | Lair:3   | Reached skill level 10 in Shapeshifting
 11205 | Lair:3   | Noticed Nergalle
 11210 | Lair:3   | Reached XP level 13. HP: 78/101 MP: 0/19
 11402 | Lair:3   | Killed Nergalle
 11630 | Lair:3   | Found a hole to the Spider Nest.
 12526 | Lair:4   | Reached skill level 5 in Summonings
 13126 | Lair:4   | Identified 2 scrolls of acquirement
 13126 | Lair:4   | Acquired the ring of Oho Sio {rC+ Str+3}
 13130 | Lair:4   | Acquired the +2 cloak of the Onion {rPois Int+2 Stlth+}
 13335 | Lair:5   | Entered Level 5 of the Lair of Beasts
 13452 | Lair:5   | Found a viscous altar of Jiyva.
 13453 | Lair:5   | Found a staircase to the Slime Pits.
 13636 | Lair:5   | Reached skill level 11 in Shapeshifting
 13645 | Lair:5   | Noticed a fire dragon
 13676 | Lair:5   | Killed a fire dragon
 13677 | Lair:5   | Reached XP level 14. HP: 43/109 MP: 11/20
 13926 | Lair:5   | Learned a level 3 spell: Summon Ice Beast
 14024 | Lair:5   | Reached skill level 5 in Evocations
 14025 | Lair:5   | Noticed Urug
 14026 | Lair:5   | Reached skill level 1 in Ice Magic
 14041 | Lair:5   | Killed Urug
 14042 | Lair:5   | Reached skill level 10 in Fighting
 14142 | Lair:5   | Noticed Sonja
 14143 | Lair:5   | Killed Sonja
 14161 | Lair:5   | Identified the amulet "Yxurriq" {+Inv rF+++ Regen+ Int+3
                  | Dex-4}
 14163 | Lair:5   | Identified the +1 robe of Loom {Rampage +Inv Fly Str-3}
 14979 | D:11     | Learned a level 5 spell: Summon Forest
 15262 | D:11     | Found a roughly hewn altar of Beogh.
 15262 | D:11     | Found a staircase to the Orcish Mines.
 15262 | D:11     | Noticed Lodul
 15294 | D:11     | Killed Lodul
 16275 | Orc:1    | Entered Level 1 of the Orcish Mines
 16472 | Orc:1    | Found Liotzais's Armour Shop.
 16736 | Orc:2    | Entered Level 2 of the Orcish Mines
 16740 | Orc:2    | Paralysed by an orc sorcerer for 2 turns
 16806 | Orc:2    | Found a staircase to the Elven Halls.
 17072 | Orc:2    | Found Kutuconn's Antique Armour Shoppe.
 17122 | Orc:2    | Reached XP level 15. HP: 64/117 MP: 17/22
 17248 | Orc:2    | Found a roughly hewn altar of Beogh.
 17253 | Orc:2    | Found Mudwewk's Distillery.
 17281 | Orc:2    | Found Disapeme's Jewellery Shoppe.
 17314 | Orc:2    | Bought a potion of curing for 42 gold pieces
 17567 | Orc:2    | Found Hiorufio's Magic Scroll Emporium.
 17574 | Orc:2    | Bought a scroll of acquirement for 676 gold pieces
 17574 | Orc:2    | Acquired the ring of the Mage {Wiz Archmagi}
 17574 | Orc:2    | Found the ring of the Mage {Wiz Archmagi}
 17856 | D:12     | Reached skill level 10 in Invocations
 17940 | D:12     | Reached skill level 12 in Shapeshifting
 18549 | D:12     | Reached skill level 1 in Stealth
 18899 | D:13     | Reached skill level 5 in Stealth
 18941 | D:13     | Found a gate to the Vaults.
 19263 | D:13     | Noticed Rupert
 19265 | D:13     | Paralysed by Rupert for 3 turns
 19285 | D:13     | Killed Rupert
 19498 | D:13     | Noticed Josephine
 19514 | D:13     | Killed Josephine
 19540 | D:13     | Found a shimmering blue altar of Sif Muna.
 19573 | D:13     | Noticed a fire giant
 19573 | D:13     | Found the +9 sword of Power {lifebolt}
 19574 | D:13     | Noticed a fire giant
 19622 | D:13     | Reached skill level 15 in Unarmed Combat
 19635 | D:13     | Killed a fire giant
 19636 | D:13     | Reached skill level 1 in Translocations
 19874 | D:13     | Found a roughly hewn altar of Beogh.
 20074 | D:13     | Killed a fire giant
 20075 | D:13     | Reached XP level 16. HP: 102/125 MP: 23/23
 21017 | D:15     | Entered Level 15 of the Dungeon
 21299 | D:15     | Reached skill level 5 in Ice Magic
 21835 | D:15     | Found a white marble altar of Elyvilon.
 21856 | D:15     | Found a runed translucent door.
 21856 | D:15     | Found a shimmering altar of Xom.
 21856 | D:15     | Noticed Ytwo Fev's ghost (adept HuIE)
 21965 | D:15     | Found a staircase to the Depths.
 22710 | Swamp:1  | Entered Level 1 of the Swamp
 22776 | Swamp:1  | Found a glacial archway.
 22792 | IceCv    | Entered an ice cave
 22931 | IceCv    | Noticed an azure jelly
 24556 | Swamp:2  | Reached skill level 13 in Shapeshifting
 25002 | Swamp:3  | Reached XP level 17. HP: 133/133 MP: 23/25
 25005 | Swamp:3  | Learned a level 2 spell: Blink
 25346 | Swamp:3  | Noticed Donald
 25359 | Swamp:3  | HP: 6/133 [Donald/+0 broad axe (27)]
 25526 | Swamp:3  | Identified the serpent talisman of Eternal Vigilance {Will+
                  | MP+9 Int+3 Dex+3}
 25526 | Swamp:3  | Noticed Aizul
 25547 | Swamp:3  | Killed Aizul
 25797 | Swamp:3  | Killed Donald
 26070 | Swamp:4  | Entered Level 4 of the Swamp
 26122 | Swamp:3  | Reached skill level 10 in Summonings
 26223 | Swamp:4  | Reached skill level 1 in Armour
 26306 | Swamp:4  | Noticed a tentacled monstrosity
 26322 | Swamp:4  | Killed a tentacled monstrosity
 26700 | Swamp:4  | Reached skill level 10 in Stealth
 26876 | Swamp:4  | Got a decaying rune of Zot
 27819 | Spider:1 | Entered Level 1 of the Spider Nest
 27846 | Lair:3   | Reached skill level 5 in Translocations
 28178 | Spider:1 | Noticed Mlioglotl
 28184 | Spider:1 | Noticed a profane servitor
 28185 | Spider:1 | Noticed a tentacled starspawn
 28188 | Spider:1 | Killed Mlioglotl
 28189 | Spider:1 | Reached skill level 1 in Spellcasting
 28374 | Spider:1 | Learned a level 6 spell: Summon Cactus Giant
 28826 | Spider:1 | Identified the +0 plate armour "Kenucy" {+Inv rN+ Dex+3}
 29196 | Spider:2 | Reached XP level 18. HP: 142/142 MP: 14/26
 29453 | Spider:2 | Found a transporter.
 29513 | Spider:2 | Noticed Ushroca's ghost (adept DrIE)
 29685 | Spider:2 | Learned a level 3 spell: Passwall
 29725 | Spider:2 | Found a transporter.
 30784 | Spider:3 | Noticed Arachne
 30797 | Spider:3 | Killed Arachne
 31547 | Spider:3 | Reached skill level 15 in Dodging
 32379 | Spider:4 | Entered Level 4 of the Spider Nest
 33146 | Spider:4 | Reached XP level 19. HP: 150/150 MP: 12/28
 33643 | Spider:4 | Learned a level 7 spell: Summon Hydra
 33939 | Spider:4 | Reached XP level 20. HP: 158/158 MP: 16/29
 34003 | Spider:4 | Got a gossamer rune of Zot
 34262 | D:6      | Bought a book of the Wilderness for 456 gold pieces
 34270 | D:6      | Learned a level 5 spell: Summon Mana Viper
 34443 | Vaults:1 | Entered Level 1 of the Vaults
 34996 | Vaults:1 | Found a large runed translucent door.
 34996 | Vaults:1 | Found a large runed translucent door.
 34996 | Vaults:1 | Found a large runed translucent door.
 34996 | Vaults:1 | Found a large runed translucent door.
 34996 | Vaults:1 | Found a large runed translucent door.
 34996 | Vaults:1 | Found a large runed translucent door.
 34996 | Vaults:1 | Noticed Foxy's ghost (adept CoBe)
 34997 | Vaults:1 | Found a large runed translucent door.
 34997 | Vaults:1 | Found a large runed translucent door.
 35109 | Vaults:1 | Reached skill level 5 in Spellcasting
 35113 | Vaults:1 | Killed Foxy's ghost
 35456 | Vaults:1 | Identified the +3 robe of the Hippogriff {^Drain rPois rN+
                  | Dex+3}
 35456 | Vaults:1 | Noticed Boris
 38762 | Vaults:3 | Reached XP level 21. HP: 165/166 MP: 10/31
 39351 | Vaults:3 | Identified the ring "Ufracw" {rC++ Int+6}
 40840 | Vaults:3 | Found a staircase to the Crypt.
 41464 | Vaults:4 | Learned a level 4 spell: Martyr's Knell
 41543 | Vaults:4 | Reached skill level 15 in Summonings
 41811 | Vaults:4 | Reached skill level 15 in Fighting
 43418 | Vaults:4 | Reached XP level 22. HP: 175/175 MP: 16/35
 44461 | Elf:1    | Entered Level 1 of the Elven Halls
 44813 | Elf:1    | Paralysed by an air elemental for 1 turns
 44873 | Elf:1    | Noticed Kirke
 44891 | Elf:1    | Killed Kirke
 45083 | Elf:1    | Reached skill level 10 in Spellcasting
 45257 | Elf:1    | Found Fefe's Distillery.
 45263 | Elf:1    | Bought a potion of ambrosia for 112 gold pieces
 45263 | Elf:1    | Bought 2 potions of curing for 84 gold pieces
 45263 | Elf:1    | Bought a potion of curing for 42 gold pieces
 45263 | Elf:1    | Bought a potion of curing for 42 gold pieces
 45263 | Elf:1    | Bought a potion of invisibility for 112 gold pieces
 45908 | Elf:1    | Got the Octavo of Bruises
 45963 | Elf:1    | Paralysed by an air elemental for 1 turns
 46661 | Elf:1    | Paralysed by an air elemental for 1 turns
 47481 | Elf:2    | Identified the +4 rapier "Sasag" {venom, Str+4 Int-4}
 47853 | Elf:2    | Paralysed by an air elemental for 1 turns
 48403 | Elf:2    | Found a runed translucent gate.
 48403 | Elf:2    | Found a runed translucent gate.
 48403 | Elf:2    | Found a runed translucent gate.
 48859 | Elf:2    | Noticed Nikola
 48860 | Elf:2    | Noticed Azrael
 48863 | Elf:2    | Killed Azrael
 48868 | Elf:2    | Killed Nikola
 48882 | Elf:2    | Noticed Norris
 48895 | Elf:2    | Killed Norris
 50070 | Elf:3    | Entered Level 3 of the Elven Halls
 50798 | Elf:3    | Found Voshenn's Weapon Shoppe.
 51136 | Elf:3    | Identified the +6 plate armour "Xiutz" {+Blink rC++ rN+}
 51286 | Elf:3    | Reached skill level 10 in Shields
 51386 | Elf:3    | Identified the +5 mace "Starlight" {spect, ^Contam rC+
                  | Str+4 Dex+2}
 51516 | Elf:3    | Identified the +1 mace "Jemedah" {freeze, *Rage Int+6}
 51516 | Elf:3    | Identified the ring of Asam {+Blink rN+ Will++ Str-2 Dex+6}
 51526 | Elf:3    | Reached XP level 23. HP: 182/182 MP: 13/38
 51529 | Elf:3    | Identified the ring of Cemo {rC+ rN+ Int+3}
 52034 | Elf:3    | Reached skill level 15 in Invocations
 52040 | Elf:3    | Identified the ring of Autumn {rElec rPois rF+ SInv Stlth+}
 52234 | Elf:3    | Identified the staff of Doom {rN+ Conj Alchemy}
 52257 | Elf:3    | Got Fumidum's Parchment of the Band
 52258 | Elf:3    | Identified the staff of Cokin {*Slow rPois rCorr Dex+4
                  | Earth Alchemy}
 52269 | Elf:3    | Learned a level 8 spell: Summon Horrible Things
 52363 | Elf:3    | Identified the +6 giant spiked club "Dragon's Tongue"
                  | {spect, rF+ SInv}
 52368 | Elf:3    | Got the Folio of the Thirteen Artisans
 52373 | Elf:3    | Got Sif Muna's Incunable of the Fetid Squall
 52396 | Elf:3    | Identified the +0 ring mail "Pemegg" {^Contam Harm Int+2}
 53205 | Crypt:1  | Entered Level 1 of the Crypt
 53725 | Crypt:1  | Noticed Vv
 53750 | Crypt:1  | Killed Vv
 54015 | Crypt:1  | Upgraded the game from 0.32-a0-909-gc671339a80 to
                  | 0.32-a0-913-g739538afd8
 54174 | Crypt:1  | Identified the +1 ring mail of the Lost Path {Harm +Inv}
 55550 | Crypt:1  | You fall into a shaft and drop 1 floor!
 56676 | Crypt:2  | Noticed Grunn
 56710 | Crypt:2  | Killed Grunn
 57553 | Crypt:2  | Acquired the +1 helmet "Naalo" {rF+ rN+ Str+4}
 57728 | Crypt:3  | Entered Level 3 of the Crypt
 58348 | Crypt:3  | Noticed an ancient lich
 58356 | Crypt:3  | Killed an ancient lich
 58537 | Crypt:3  | Reached XP level 24. HP: 191/191 MP: 9/38
 59166 | Crypt:3  | Found a staircase to the Tomb.
 59715 | Crypt:3  | Found the ring of the Octopus King
 59754 | Crypt:3  | Noticed a dread lich
 59754 | Crypt:3  | Noticed an ancient lich
 59767 | Crypt:3  | Killed an ancient lich
 59769 | Crypt:3  | Killed a dread lich
 59785 | Crypt:3  | Noticed a dread lich
 59785 | Crypt:3  | Noticed an ancient lich
 59843 | Crypt:3  | Killed a dread lich
 59846 | Crypt:3  | Killed an ancient lich
 59855 | Crypt:3  | Identified the +0 double sword of the Flying Visionary
                  | {drain, rElec rN+}
 59860 | Crypt:3  | Identified a ring of the Octopus King {rN+ HP+2 AC+2 EV+2
                  | SH+2}
 59864 | Crypt:3  | Got Oguifium's Compendium of Skeletons
 60001 | Crypt:3  | Identified the +0 quarterstaff "Suneno" {protect, *Slow
                  | rPois rCorr Int-3}
 60362 | Depths:1 | Entered Level 1 of the Depths
 60535 | Orc:2    | Bought a potion of invisibility for 112 gold pieces
 60535 | Orc:2    | Bought 2 potions of invisibility for 224 gold pieces
 60535 | Orc:2    | Bought 2 potions of ambrosia for 224 gold pieces
 60535 | Orc:2    | Bought a potion of brilliance for 56 gold pieces
 60535 | Orc:2    | Bought a potion of might for 56 gold pieces
 61284 | Depths:1 | Found a one-way gate leading to the halls of Pandemonium.
 62206 | Depths:1 | Learned a level 1 spell: Apportation
 62486 | Depths:1 | Found a one-way gate to the infinite horrors of the Abyss.
 63214 | D:6      | Bought Senecva's Guidebook on the Tesseract for 504 gold
                  | pieces
 63217 | D:6      | Learned a level 2 spell: Lesser Beckoning
 63488 | Depths:1 | Found a gateway to Hell.
 64577 | Depths:2 | Found Geusch's Jewellery Shoppe.
 64578 | Depths:2 | Found Cuzar's Jewellery Shoppe.
 64578 | Depths:2 | Found Fuijoil's Book Boutique.
 64587 | Depths:2 | Bought a granite talisman for 1200 gold pieces
 64669 | Depths:2 | Reached skill level 14 in Shapeshifting
 64909 | Depths:2 | Found the +8 arc blade {discharge, rElec}
 65076 | Depths:2 | Noticed Saint Roka
 65081 | Depths:2 | Reached skill level 15 in Shapeshifting
 65082 | Depths:2 | Killed Saint Roka
 65301 | Depths:2 | Bought a talisman of death for 1360 gold pieces
 65530 | Depths:3 | Found a runed translucent gate.
 65553 | Depths:3 | Reached skill level 16 in Shapeshifting
 65631 | Depths:3 | Found a runed translucent gate.
 65632 | Depths:3 | Found a runed translucent gate.
 65633 | Depths:3 | Noticed Wyithres's ghost (adept MiFi)
 65927 | Depths:3 | Reached XP level 25. HP: 199/199 MP: 4/38
 66021 | Depths:3 | Found a runed translucent gate.
 66021 | Depths:3 | Found a runed translucent gate.
 66021 | Depths:3 | Found a runed translucent gate.
 66108 | Depths:3 | Found a runed translucent gate.
 66126 | Depths:3 | Reached skill level 17 in Shapeshifting
 66352 | Depths:3 | Found a runed translucent gate.
 66352 | Depths:3 | Found a runed translucent gate.
 66819 | Depths:3 | Reached skill level 18 in Shapeshifting
 66893 | Depths:3 | Found a one-way gateway to a ziggurat.
 66904 | Depths:3 | You fall into a shaft and drop 1 floor!
 66904 | Depths:4 | Entered Level 4 of the Depths
 66929 | Depths:4 | Reached skill level 19 in Shapeshifting
 67122 | Depths:4 | Found Cojeits's General Store.
 67124 | Depths:4 | Found Utirix's Book Boutique.
 67124 | Depths:4 | Found Fievaih's Magic Scroll Shop.
 67127 | Depths:4 | Found Pefaq's Antique Armour Boutique.
 67133 | Depths:4 | Bought a scroll of fog for 68 gold pieces
 67327 | Depths:4 | Found a gate to the Realm of Zot.
 68700 | Vaults:5 | Entered Level 5 of the Vaults
 68701 | Vaults:5 | Noticed a dread lich
 68704 | Vaults:5 | Reached skill level 20 in Shapeshifting
 68709 | Vaults:5 | Killed a dread lich
 68710 | Vaults:5 | Reached skill level 21 in Shapeshifting
 68787 | Vaults:5 | Identified the ring "Biqak" {Fire rN+ Will++ Str+4 Slay-3}
 68805 | Vaults:5 | Noticed an ancient lich
 68827 | Vaults:4 | Reached skill level 22 in Shapeshifting
 68919 | Vaults:5 | Noticed an ancient lich
 68920 | Vaults:5 | Noticed Mennas
 68942 | Vaults:4 | Killed an ancient lich
 68943 | Vaults:4 | Reached XP level 26. HP: 50/206 MP: 32/38
 69102 | Vaults:5 | Killed an ancient lich
 69107 | Vaults:5 | Killed Mennas
 69113 | Vaults:5 | Noticed Jory
 69123 | Vaults:5 | Reached skill level 23 in Shapeshifting
 69339 | Vaults:5 | Identified the +0 leather armour of Abstinence {Harm +Inv
                  | rPois}
 69386 | Vaults:5 | Killed Jory
 69726 | Vaults:5 | Identified the +0 scale mail of Jigsaw {rF+ Int+5}
 69727 | Vaults:5 | Identified the quicksilver dragon scales of Bright
                  | Salvation {rC+ Will+ MP-9 Int+4 SInv}
 69799 | Vaults:5 | Identified the staff "Siwut" {rN+ Str+2 SInv Necro}
 70320 | Vaults:5 | Got a silver rune of Zot
 70756 | Orc:2    | Bought a scroll of fog for 52 gold pieces
 70756 | Orc:2    | Bought a scroll of revelation for 97 gold pieces
 70756 | Orc:2    | Bought a scroll of teleportation for 39 gold pieces
 71032 | Zot:1    | Entered Level 1 of the Realm of Zot
 72729 | Zot:2    | You fall into a shaft and drop 2 floors!
 72730 | Zot:4    | Found a shimmering altar of Xom.
 72749 | Zot:4    | Found a shimmering altar of Xom.
 73071 | Zot:2    | Noticed a Killer Klown
 73071 | Zot:2    | Noticed a Killer Klown
 73305 | Zot:3    | Identified the +2 plate armour of Parts Unknown {rPois
                  | Regen+ SInv}
 73568 | Zot:2    | Killed a Killer Klown
 73569 | Zot:2    | Killed a Killer Klown
 73582 | Zot:2    | Reached XP level 27. HP: 154/215 MP: 27/38
 75126 | Zot:4    | Found a shimmering altar of Xom.
 75126 | Zot:4    | Found a shimmering altar of Xom.
 75126 | Zot:4    | Found a glowing silver altar of Zin.
 75210 | Zot:5    | Entered Level 5 of the Realm of Zot
 75858 | Zot:5    | Noticed a dread lich
 75871 | Zot:5    | Killed a dread lich
 75944 | Zot:5    | Noticed an orb of fire
 75945 | Zot:5    | Gained mutation: Armour fits poorly on your strangely
                  | shaped body. [an orb of fire]
 75947 | Zot:5    | Noticed an ancient lich
 75949 | Zot:5    | Noticed a dread lich
 75951 | Zot:5    | Killed an orb of fire
 75954 | Zot:5    | Killed an ancient lich
 75956 | Zot:5    | Noticed an orb of fire
 75966 | Zot:5    | Killed an orb of fire
 75971 | Zot:5    | Killed a dread lich
 75972 | Zot:5    | Reached skill level 24 in Shapeshifting
 76087 | Zot:5    | Noticed an orb of fire
 76095 | Zot:5    | Gained mutation: You sometimes lose your temper in combat.
                  | [an orb of fire]
 76095 | Zot:5    | Noticed an orb of fire
 76096 | Zot:5    | Gained mutation: Your spells are a little easier to cast,
                  | but a little less powerful. [an orb of fire]
 76096 | Zot:5    | Noticed an ancient lich
 76097 | Zot:5    | Gained mutation: You occasionally shout uncontrollably at
                  | your foes. [an orb of fire]
 76098 | Zot:5    | Killed an orb of fire
 76100 | Zot:5    | Gained mutation: You have an increased reservoir of magic.
                  | (+10% MP) [an orb of fire]
 76101 | Zot:5    | Killed an orb of fire
 76104 | Zot:5    | Noticed an ancient lich
 76104 | Zot:5    | Killed an ancient lich
 76109 | Zot:5    | Killed an ancient lich
 76207 | Zot:5    | Noticed an orb of fire
 76212 | Zot:5    | Gained mutation: You are frail. (-10% HP) [an orb of fire]
 76215 | Zot:5    | Killed an orb of fire
 76216 | Zot:5    | Lost mutation: You are frail. (-10% HP) [potion of
                  | mutation]
 76216 | Zot:5    | Lost mutation: You have an increased reservoir of magic.
                  | (+10% MP) [potion of mutation]
 76216 | Zot:5    | Lost mutation: You sometimes lose your temper in combat.
                  | [potion of mutation]
 76216 | Zot:5    | Gained mutation: You expend magic power (3 MP) to
                  | strengthen your wands. [potion of mutation]
 76263 | Zot:5    | Noticed an ancient lich
 76269 | Zot:5    | Killed an ancient lich
 76357 | Zot:5    | Got the Orb of Zot
 76423 | Zot:5    | Noticed Dodel the pandemonium lord
 76443 | Zot:5    | Killed Dodel the pandemonium lord
 76823 | D:12     | Noticed Cezomp the pandemonium lord
 76835 | D:12     | Killed Cezomp the pandemonium lord
 77138 | D:$      | Escaped with the Orb!

Illustrated notes

Levels and vault maps discovered:
D:1:      dpeg_arrival_tiny_k, layout_loops_cross, serial_shops, shop,
          minmay_split_cup_small
D:2:      layout_loops_cross
D:3:      layout_basic, slow_altar_1, shapermc_ecumenical_altar_flowoftime,
          minmay_misc_feat_square, kennysheep_generic_room_14
D:4:      minmay_spotlight, layout_loops_ring,
          mainiacjoe_overflow_surrounded_room,
          mainiacjoe_overflow_six_doors_small, hangedman_decor_riveting,
          minmay_misc_feat_cross, hangedman_abyss_or_decor_passed
D:5:      layout_layer_cave, mainiacjoe_overflow_paths, vehumet_statue,
          minmay_temple_entry_gardened_gates,
          serial_library_hellmonk_double_dead_end
D:6:      layout_rooms, nicolae_stop_n_shop_2, uniq_sigmund
D:7:      layout_loops_corners, enter_ossuary_3, uniq_joseph
D:8:      layout_gridville, erik_lair_orcish_takeover,
          hellmonk_guarded_unrand_night, uniq_pikel
D:9:      minmay_statue_hallways, layout_gridville,
          minmay_fractal_squares_gapless_5
D:10:     layout_irregular_city, grunt_temple_overflow_holy_war,
          amcnicky_altar_gilded, gammafunk_temple_overflow_claw, minivault_1,
          uniq_erolcha
D:11:     layout_layer_cave, david_orc_5, uniq_lodul
D:12:     layout_cave_pools
D:13:     minmay_guarded_unrand_sword_of_power, layout_loops_corners,
          grunt_vaults_entry_tiered, special_room [special_room_orc],
          nicolae_sif_muna_little_library, uniq_josephine, uniq_rupert
D:14:     layout_roguey, kennysheep_potato
D:15:     hellmonk_depths_entry_around_the_bend, layout_small_grid,
          serial_co_window_serial, co_window_paths_a,
          co_window_of_opportunity_a, co_window_paths_a,
          co_window_of_opportunity_a, co_window_corner_a,
          co_window_of_opportunity_a, co_window_unsneaky_path_c,
          co_window_corner_b, co_window_of_opportunity_b, co_window_paths_d,
          co_window_4corner_a, glass_columns_a, ebering_ghost_xom,
          nicolae_elyvilon_peaceful_grove
Lair:1:   layout_chaotic_city, small_statue_intersection
Lair:2:   layout_roguey, mainiacjoe_swamp_entry_lozenge_pond,
          infiniplex_staircase_pool
Lair:3:   layout_gridlike, nicolae_spider_entry_lesser_pyramids, uniq_nergalle
Lair:4:   layout_regular_city, minivault_25, grunt_megastairs_4,
          infiniplex_staircase_pool_2
Lair:5:   minmay_lair_end_enchanted_forest, layout_regular_city,
          dpeg_slime_entry_enclosed, nicolae_volcano_entry_vermiform,
          bobbens_dragon_lair_wall, uniq_urug, uniq_sonja
Swamp:1:  layout_basic_swamp, portal_ice_cave_entry_pillars_1,
          evilmike_swamp_ruin_rubble_2, swamp_pool_3
Swamp:2:  layout_basic_swamp, nicolae_swamp_dense_foliage, st_shrine_of_shade
Swamp:3:  layout_basic_swamp, serial_swamp_ruin, evilmike_swamp_ruin_house_3,
          evilmike_swamp_ruin_house_5, nicolae_swamp_tree_isthmus, uniq_donald,
          uniq_aizul
Swamp:4:  swamp_alternative, layout_basic_swamp, swamp_pool_1_2
Spider:1: layout_spider_delve, drop_trap, uniq_mlioglotl
Spider:2: cheibrodos_spider_silkery, gammafunk_ghost_arena, hive_lemuel
Spider:3: nicolae_spider_broodchamber, uniq_arachne
Spider:4: hellmonk_spider_rune_bug_friends
Orc:1:    layout_caves, serial_shops, nicolae_shop_behind_doors, minmay_orc_keep
Orc:2:    st_orc_town, layout_diamond_mine
Elf:1:    elf_arrival_001, layout_loops_corners, serial_shops, shop,
          minmay_elf_sorcery, amcnicky_mini_pool_small, uniq_kirke
Elf:2:    nicolae_elf_blades_splatter_lattice [mumra_blade_entry_dagger],
          layout_geoelf_grid, nrook_uturn, uniq_norris, uniq_azrael, uniq_nikola
Elf:3:    minmay_elf_hall_four_x, layout_geoelf_diagonals, serial_shops, shop,
          hangedman_elf_power_crystal
Vaults:1: advil_vaults_ghost_lines, ontoclasm_vaults_shuriken,
          grunt_vaults_focal, vaults_room_grid,
          nicolae_vaults_security_offices_1, nicolae_vaults_wine_cellar,
          nicolae_vaults_prndl, hangedman_vaults_stream, v_misc_30, v_pattern_4,
          hangedman_vaults_cutoff, v_alt_pattern_6, vaults_room_semicircle,
          nicolae_vaults_little_squares_6, nicolae_vaults_hexular_roomagon,
          layout_vaults_omnibox, serial_shops, bzr_entry_dummy, uniq_boris
Vaults:2: nicolae_vaults_alarming, ontoclasm_vaults_hangar,
          nicolae_vaults_oval_intersection, nicolae_vaults_statue_guard,
          nicolae_vaults_tetromino_Z_1, nicolae_vaults_storage_room_doors,
          vaults_dpeg_ring, layout_vaults_omnigrid
Vaults:3: vaults_dpeg_emergency_exit, nicolae_vaults_fighting_squares,
          minmay_crypt_entry_skeletal_spiral, ontoclasm_vaults_idyll, v_misc_4,
          ontoclasm_vaults_loading_screen, nicolae_vaults_closet_pinwheel_4,
          nicolae_vaults_oval_intersection, nicolae_vaults_more_shelving_1,
          nicolae_vaults_trapezoid_lopsided_3, nicolae_vaults_cochlea,
          layout_vaults_big_room
Vaults:4: nicolae_vaults_diagonal_hallway_9, grunt_vaults_funneled_arena,
          nicolae_vaults_theta, v_misc_32, hangedman_vaults_capsules,
          dpeg_vaults_monster_box, grunt_vaults_twisty, nicolae_vaults_house_2,
          vaults_room_corners, layout_vaults_maze_snakey
Vaults:5: uniq_jory, uniq_mennas
Crypt:1:  layout_regular_city, uniq_vv
Crypt:2:  layout_gridlike, uniq_grunn
Crypt:3:  david_glass_crypt, layout_rooms, tomb_entry_moat_badplayer,
          nicolae_crypt_diagonal_loculi
Depths:1: layout_gridlike, pan_entry, abyss_entry,
          nicolae_hell_entry_hellmouth_sunbeams, drop_trap
Depths:2: minmay_shoctagon, layout_gridville, reono_crystal_passage, hell_entry,
          rand_demon_pan_entry_9, infiniplex_staircase_zigzag_1,
          minmay_shop_grove, uniq_saint_roka
Depths:3: kennysheep_treasure_stockpile, layout_cave_shapes, ziggurat_fallback,
          gammafunk_ghost_tricky_traps, grunt_hell_entry_dis_grunt, abyss_entry,
          infiniplex_staircase_trident
Depths:4: evilmike_zot_entry_basic, layout_cave_pools, grunt_pan_entry_spiral,
          grunt_decor_resistance, hell_entry, minmay_shoptagon
Zot:1:    layout_cathedral_of_symmetry, bh_zot_levy_curve,
          regret_index_zotdec_twisting_globes
Zot:2:    grunt_zot_stairs_faceoff, layout_concentric_octagons
Zot:3:    layout_onion_interference, regret_index_zotdec_wing_it, st_stairs_12
Zot:4:    dreamdust_zin_vs_xom, layout_onion_interference, grunt_megastairs_3
Zot:5:    layout_cathedral_of_symmetry

Skill      XL: |  1  2  3  4  5  6  7  8  9 10 11 12 13 14 15 16 17 18 19 20 21 22 23 24 25 26 27 |
---------------+----------------------------------------------------------------------------------+-----
Dodging        | 3 4 5 6 7 8 10 11 12 13 14 15 16 17 18 19 21 | 21.2
Unarmed Combat | 4 5 6 7 8 10 11 12 13 14 15 16 17 18 19 20 21 23 | 23.0
Fighting       | 2 3 4 5 7 8 9 10 11 12 13 14 15 16 17 18 | 18.5
Shields        | 1 2 3 4 5 6 7 8 9 10 11 12 13 | 13.8
Invocations    | 1 2 3 5 6 7 8 9 10 11 12 13 14 15 16 17 | 17.9
Shapeshifting  | 5 6 7 8 9 10 11 12 13 16 22 23 24 | 24.4
Evocations     | 3 4 5 7 |  7.1
Summonings     | 3 6 7 8 9 11 12 13 14 15 16 17 18 | 18.2
Ice Magic      | 3 4 5 |  5.0
Stealth        | 8 9 10 11 12 | 12.4
Translocations | 1 3 5 6 |  6.9
Armour         | 2 |  2.0
Spellcasting   | 1 4 6 9 11 | 11.0

Action                     |  1- 3 |  4- 6 |  7- 9 | 10-12 | 13-15 | 16-18 | 19-21 | 22-24 | 25-27 || total
---------------------------+-------+-------+-------+-------+-------+-------+-------+-------+-------++-------
  Melee: Unarmed           |   130 |   194 |   318 |   613 |  1525 |  1224 |   468 |   654 |   739 ||  5865
         Tailslap          |       |       |       |       |       |    78 |     3 |     3 |     1 ||    85
   Fire: Sling             |     3 |    14 |       |       |       |       |       |       |       ||    17
   Cast: Summon Ice Beast  |       |       |       |       |     2 |    26 |       |       |       ||    28
         Summon Forest     |       |       |       |       |       |    53 |    64 |   130 |    43 ||   290
         Summon Cactus Gia |       |       |       |       |       |    49 |    88 |   162 |    38 ||   337
         Blink             |       |       |       |       |       |     3 |       |     1 |       ||     4
         Passwall          |       |       |       |       |       |     1 |       |       |       ||     1
         Summon Hydra      |       |       |       |       |       |       |    17 |    76 |    15 ||   108
         Summon Mana Viper |       |       |       |       |       |       |    58 |   148 |    39 ||   245
         Martyr's Knell    |       |       |       |       |       |       |    13 |    60 |    22 ||    95
         Summon Horrible T |       |       |       |       |       |       |       |     6 |    27 ||    33
         Lesser Beckoning  |       |       |       |       |       |       |       |     7 |    29 ||    36
 Invoke: Bend Time         |       |       |       |     2 |     2 |     1 |       |       |       ||     5
         Slouch            |       |       |       |     6 |    14 |    16 |     2 |     2 |     9 ||    49
         Step From Time    |       |       |       |       |     3 |     2 |     1 |       |       ||     6
         Temporal Distorti |       |       |       |       |       |       |     1 |       |       ||     1
  Evoke: Wand              |       |       |     4 |     2 |     9 |     8 |       |     6 |     2 ||    31
         Condenser vane    |       |       |       |       |     2 |     1 |       |     1 |       ||     4
         Phantom mirror    |       |       |       |       |       |       |       |     1 |       ||     1
    Use: Scroll            |       |     4 |       |     3 |    26 |    10 |     2 |     4 |     9 ||    58
         Potion            |       |       |       |     2 |     7 |     2 |     1 |     5 |     4 ||    21
   Stab: Sleeping          |     1 |       |       |       |       |     8 |     4 |     5 |     8 ||    26
         Invisible         |       |       |       |       |     5 |       |       |       |     2 ||     7
         Distracted        |       |       |       |       |     1 |    15 |    20 |    29 |    19 ||    84
         Petrifying        |       |       |       |       |       |     1 |       |       |       ||     1
 Armour: Animal skin       |    43 |       |       |       |       |       |       |       |       ||    43
         Ring mail         |    40 |    46 |       |       |       |       |       |       |       ||    86
         Plate armour      |       |    81 |   238 |   389 |   720 |   638 |       |       |       ||  2066
         Robe              |       |       |       |       |       |   167 |   181 |   243 |    14 ||   605
         Swamp dragon scal |       |       |       |       |       |     6 |       |       |       ||     6
         Skin              |       |       |       |       |       |       |       |    36 |   497 ||   533
  Dodge: Dodged            |    81 |    57 |    65 |   297 |   721 |   873 |   378 |   727 |  1126 ||  4325
  Block: Kite shield       |       |   101 |   163 |   543 |  1174 |   960 |   387 |   604 |   918 ||  4850
         Reflection        |       |       |       |       |       |    12 |    17 |     9 |    19 ||    57
   Form: Blade             |       |       |       |     1 |       |       |     1 |       |       ||     2
         Beast             |       |       |       |     1 |       |       |       |       |       ||     1
         Flux              |       |       |       |     1 |       |       |       |       |       ||     1
                           |       |       |       |       |     1 |     1 |     1 |       |       ||     3
         Serpent           |       |       |       |       |       |     1 |       |       |       ||     1
         Statue            |       |       |       |       |       |       |       |     2 |     1 ||     3
         Death             |       |       |       |       |       |       |       |     1 |     1 ||     2

Table legend: (Time is in decaauts)
 A = Elapsed time spent in this place.
 B = Non-inter-level travel time spent in this place.
 C = Inter-level travel time spent in this place.
 D = Time resting spent in this place.
 E = Time spent auto-exploring this place.
 F = Levels seen in this place.
 G = Mean time per level.
                   A        B        C        D        E       F      G
               +--------+--------+--------+--------+--------+-----+--------+
         Total | 122133 | 108183 |  13950 |  24320 |  33054 |  51 | 2394.8 |
       Dungeon |  29766 |  22686 |   7080 |   1277 |  14930 |  15 | 1984.4 |
          Lair |   9274 |   8275 |    999 |    857 |   4952 |   5 | 1854.8 |
         Swamp |   5129 |   4834 |    295 |    902 |   1244 |   4 | 1282.2 |
   Spider Nest |   8435 |   8154 |    281 |   2828 |    308 |   4 | 2108.8 |
  Orcish Mines |   2947 |   2170 |    777 |    150 |   1293 |   2 | 1473.5 |
   Elven Halls |  11426 |  11084 |    342 |   4200 |   2017 |   3 | 3808.7 |
        Vaults |  19380 |  17092 |   2288 |   5521 |   2037 |   5 | 3876.0 |
         Crypt |   8523 |   8306 |    217 |   3081 |   1276 |   3 | 2841.0 |
        Depths |  13763 |  12767 |    996 |   3254 |   3263 |   4 | 3440.8 |
           Zot |  13010 |  12338 |    672 |   2176 |   1730 |   5 | 2602.0 |
      Ice Cave |    477 |    477 |      0 |     72 |      0 |   1 |  477.0 |
               +--------+--------+--------+--------+--------+-----+--------+

Top non-repeatable levels by time:
Depths:3: 4835 daAuts
Vaults:2: 4770 daAuts
Vaults:3: 4728 daAuts
Vaults:4: 4550 daAuts
    D:13: 4393 daAuts
   Elf:3: 3895 daAuts
   Elf:1: 3783 daAuts
   Elf:2: 3746 daAuts
    D:11: 3502 daAuts
Depths:1: 3429 daAuts
Vaults:5: 3257 daAuts
Depths:2: 3228 daAuts
   Zot:1: 3128 daAuts
 Crypt:3: 3090 daAuts
    D:15: 2932 daAuts
